 Dungeon Crawl Stone Soup version 0.30-a0-170-g85af917532 (webtiles) character file.

Game seed: 6101202424627072697

42 Flugkiller the Trooper (level 3, -9/29 HPs)
             Began as a Mummy Berserker on Sept 30, 2022.
             Was a Believer of Trog.
             Mangled by a gnoll
             ... wielding a +0 flail
              (12 damage)
             ... on level 2 of the Dungeon.
             The game lasted 00:00:44 (1234 turns).

Flugkiller the Trooper (Mummy Berserker)            Turns: 1234, Time: 00:00:44

Health: -9/29      AC:  3    Str: 20    XL:     3   Next: 33%
Magic:  3/3        EV: 11    Int:  6    God:    Trog [**....]
Gold:   162        SH:  3    Dex: 13    Spells: 2/2 levels left

rFire   x . .      SeeInvis .    a - +0 hand axe
rCold   + . .      Faith    +    d - +0 buckler
rNeg    + + +      Spirit   .    b - +0 animal skin
rPois   ∞          Reflect  .    (no helmet)
rElec   .          Harm     .    (no cloak)
rCorr   .          Rampage  .    c - +0 pair of gloves
Will    .....                    (no boots)
Stlth   +.........               (no amulet)
HPRegen 0.09/turn                (no ring)
MPRegen 0.08/turn                (no ring)

@: no status effects
A: cold resistance 1, negative energy resistance 3, torment resistance 2, heat
vulnerability 1, in touch with death 1, no potions, faith
a: Renounce Religion, Trog's Hand


You were on level 2 of the Dungeon.
You worshipped Trog.
Trog was pleased with you.
You visited 1 branch of the dungeon, and saw 2 of its levels.

You collected 162 gold pieces.

Inventory:

Hand Weapons
 a - a +0 hand axe (weapon)
Armour
 b - a +0 animal skin (worn)
 c - a +0 pair of gloves (worn)
   (You found it on level 1 of the Dungeon)
 d - a +0 buckler (worn)
   (You found it on level 1 of the Dungeon)
Jewellery
 m - a ring of willpower
   (You found it on level 1 of the Dungeon)
Scrolls
 f - a scroll of enchant weapon {unknown}
 g - a scroll of noise {unknown}
 h - a scroll of identify {unknown}
 i - a scroll of acquirement {unknown}


   Skills:
 + Level 3.5 Fighting
 * Level 3.3 Axes
 - Level 1.5 Armour
 - Level 1.5 Dodging


You had 2 spell levels left.
You didn't know any spells.
Your spell library was empty.

Dungeon Overview and Level Annotations

Branches:
Dungeon (2/15) Zot: 10748

Altars:


Innate Abilities, Weirdness & Mutations

You are immune to poison.
Your flesh is cold resistant. (rC+)
You are immune to negative energy. (rN+++)
You are immune to unholy pain and torment.
You are vulnerable to heat. (rF-)
You are in touch with the powers of death.
You do not drink.
You have a special connection with the divine. (Faith)


Message History

Found a stone staircase leading down.
Found 4 stones.
There is a stone staircase leading down here.
There is a stone staircase leading down here.
Found a stone staircase leading up.
No target in view!
No target in view!
No target in view!
There is a stone staircase leading up here.
Found a white marble altar of Elyvilon.
Found a dagger.
Found 5 stones.
A rat comes into view.
A rat is nearby!
A rat is nearby!
A rat is nearby!
Found 11 gold pieces.
You closely miss the rat. The rat barely misses you.
You slash the rat!
You kill the rat!
Trog accepts your kill.
No target in view!
No target in view!
No target in view!
No target in view!
No target in view!
You now have 137 gold pieces (gained 11).
You open the door.
There is an open door here.
Found an escape hatch in the floor.
You now have 150 gold pieces (gained 13).
You now have 162 gold pieces (gained 12).
You open the door.
A kobold comes into view. It is wielding a +0 dagger.
A kobold is nearby!
The kobold hits you but does no damage.
There is an open door here.
You hit the kobold.
The kobold is moderately wounded.
The kobold hits you with a +0 dagger.
You barely miss the kobold.
The kobold is moderately wounded.
You block the kobold's attack.
You miss the kobold.
The kobold is moderately wounded.
You block the kobold's attack.
You barely miss the kobold.
The kobold is moderately wounded.
The kobold misses you.
You hit the kobold.
You kill the kobold!
Trog accepts your kill.
No target in view!
No target in view!
No target in view!
You see here a +0 dagger.
HP restored.
A gnoll comes into view. It is wielding a +0 club.
A gnoll is nearby!
A gnoll is nearby!
The gnoll shouts!
You hear a shout! x3
The gnoll closely misses you.
You slash the gnoll!
The gnoll is heavily wounded.
The gnoll barely misses you.
You barely miss the gnoll.
The gnoll is heavily wounded.
The gnoll hits you but does no damage.
You closely miss the gnoll.
The gnoll is heavily wounded.
The gnoll hits you with a +0 club.
You closely miss the gnoll.
The gnoll is heavily wounded.
The gnoll hits you with a +0 club.
You barely miss the gnoll.
The gnoll is heavily wounded.
The gnoll hits you with a +0 club.
A gnoll comes into view. It is wielding a +0 halberd.
The gnoll hits you with a +0 club.
You are too injured to fight recklessly!
You are too injured to fight recklessly!
You hit the gnoll.
You kill the gnoll!
Trog accepts your kill.
The gnoll hits you from afar with a +0 halberd!
* * * LOW HITPOINT WARNING * * *
A gnoll comes into view. It is wielding a +0 whip.
A gnoll comes into view. It is wielding a +0 flail.
The gnoll shouts!
You hear a shout!
A gnoll comes into view. It is wielding a +0 club.
The gnoll shouts!
A gnoll comes into view. It is wielding a +0 spear.
The gnoll hits you with a +0 flail!
* * * LOW HITPOINT WARNING * * *
You see here a +0 dagger.
Unknown command.
As you read the scroll labelled RATIYRU LEWOH, it crumbles to dust.
You feel a surge of unholy energy.
The gnoll convulses! x5
It was a scroll of torment.
The gnoll hits you with a +0 flail!
You die...

#.# ##.#######.#### #.#
#.# #...# ..# ..# ###g#
#### #+##### #.# ...#
#..## #####.# ...# #..##
#...#.# ...# ♣#...##
##.....# ...#####
.'....####...g###
.....'.## #...gg@..g...#
..####..###>g..####...##
..# ##.......## ##..#
..# ##.....## ##.# ..#
##...## #.# ..# ###'##
#.# ..# ##...## #.# ..#
##.....## ..#
##.......##


You could see 5 gnolls.

Vanquished Creatures
  A gnoll (D:2)
  2 endoplasms (D:1)
  A giant cockroach (D:1)
  4 hobgoblins (D:1)
  5 kobolds
  2 quokkas (D:1)
  A ball python (D:1)
  A bat (D:1)
  2 frilled lizards (D:1)
  6 goblins (D:1)
  4 rats
29 creatures vanquished.

Notes
Turn   | Place    | Note
-------+----------+-------------------------------------------
     0 | D:1      | Flugkiller the Mummy Berserker began the quest for the Orb.
     0 | D:1      | Reached XP level 1. HP: 18/18 MP: 1/1
   272 | D:1      | Reached XP level 2. HP: 24/24 MP: 2/2
   495 | D:1      | Reached ** piety under Trog
   708 | D:1      | Gained mutation: You are in touch with the powers of death.
                  | [Mummy growth]
   708 | D:1      | Reached XP level 3. HP: 23/29 MP: 3/3
  1234 | D:2      | Mangled by a gnoll

Illustrated notes

Levels and vault maps discovered:
D:1:      minmay_arrival_shoal_huts, layout_basic
D:2:      minmay_angry_zag, layout_loops_corners, basic_altar,
          dreamdust_wishing_well, grunt_ministairs_8, uniq_terence

Skill      XL: |  1  2 |
---------------+-------+-----
Axes           | 3 |  3.3
Fighting       | |  3.5
Armour         | |  1.5
Dodging        | |  1.5

Action                   || total
-------------------------++-------
Melee: Hand axe          ||    75
  Use: Scroll            ||     1
 Stab: Sleeping          ||     1
Armor: Animal skin       ||    29
Dodge: Dodged            ||    29
Block: Buckler           ||     8

Table legend: (Time is in decaauts)
 A = Elapsed time spent in this place.
 B = Non-inter-level travel time spent in this place.
 C = Inter-level travel time spent in this place.
 D = Time resting spent in this place.
 E = Time spent auto-exploring this place.
 F = Levels seen in this place.
 G = Mean time per level.
                   A        B        C        D        E       F      G
               +--------+--------+--------+--------+--------+-----+--------+
         Total |   1250 |   1228 |     22 |    137 |    843 |   2 |  625.0 |
       Dungeon |   1250 |   1228 |     22 |    137 |    843 |   2 |  625.0 |
               +--------+--------+--------+--------+--------+-----+--------+

Top non-repeatable levels by time:
     D:1: 983 daAuts
     D:2: 267 daAuts
